[Event "Titled Tuesday Blitz April 25 Late 2023"]
[White "Tworuszka, Michal"]
[Black "Holt, Conrad"]
[WhiteFideId "1117858"]
[BlackFideId "2034387"]
[WhiteElo "2260"]
[BlackElo "2592"]
[Result "1/2-1/2"]
[Round "01"]
[TimeControl "180+2"]
[Date "2023.04.25"]
[WhiteClock "0:00:05"]
[BlackClock "0:00:04"]

1. d4 d5 2. c4 c6 3. Nf3 Nf6 4. Nc3 dxc4 5. a4 e6 6. e3 c5 7. Bxc4 cxd4 8. Qxd4 Bd7 9. Ne5 Nc6 10. Nxc6 Bxc6 11. Qxd8+ Rxd8 12. O-O Bb4 13. Nb5 O-O 14. Nxa7 Bd5 15. b3 Bxc4 16. bxc4 Ra8 17. Nb5 Rfc8 18. Ba3 Rxc4 19. Bxb4 Rxb4 20. Rfb1 Raxa4 21. Nd6 Kf8 22. g3 Ke7 23. Nc8+ Kd7 24. Nb6+ Rxb6 25. Rd1+ Kc7 26. Rxa4 Rb2 27. Rc4+ Kb6 28. Rd8 Kb5 29. Rc7 b6 30. Rxf7 Kc4 31. Rd4+ Kc3 32. Rxg7 b5 33. Re7 Nd5 34. Rxe6 Nb4 35. g4 Nc2 36. Rc6+ Kb3 37. Rd3+ Ka2 38. g5 Nb4 39. Rcd6 Nxd3 40. Rxd3 b4 41. h4 b3 42. Kg2 Rc2 43. Rd7 b2 44. Ra7+ Kb3 45. Rb7+ Ka2 46. Kg3 Rc3 47. Rxb2+ Kxb2 48. h5 Rc6 49. f4 Kc3 50. f5 Kc4 51. Kf4 Kd5 52. e4+ Kd6 53. e5+ Ke7 54. g6 h6 55. f6+ Ke6 56. g7 Rc4+ 57. Kf3 Rc8 58. Kf4 Ra8 59. Kf3 Kf7 60. Kf4 Ra6 61. Kf5 Ra5 62. Kf4 Ra8 63. Kf5 Ra5 64. Kf4 Ra4+ 65. Kf5 Ra5 1/2-1/2


[Site "https://www.chess.com"]

[Event "Titled Tuesday Blitz April 25 Late 2023"]
[White "Fernandez, Maria Florencia"]
[Black "Milikow, Yoav"]
[WhiteFideId "116459"]
[BlackFideId "2822237"]
[WhiteElo "2120"]
[BlackElo "2410"]
[Result "0-1"]
[Round "01"]
[TimeControl "180+2"]
[Date "2023.04.25"]
[WhiteClock "0:00:01"]
[BlackClock "0:00:18"]

1. d4 Nf6 2. c4 e6 3. Nc3 Bb4 4. a3 Bxc3+ 5. bxc3 c5 6. Nf3 O-O 7. Bg5 Qa5 8. Bxf6 Qxc3+ 9. Nd2 gxf6 10. Rc1 Qxd4 11. e3 Qh4 12. Nf3 Qh6 13. h4 b6 14. Rh3 Bb7 15. h5 Kh8 16. Qd6 Bxf3 17. Rxf3 Nc6 18. Rh3 Rad8 19. Be2 Rg8 20. Kf1 Qg5 21. Rg3 Qe5 22. Rxg8+ Kxg8 23. Qd1 Qh2 24. Bf3 Qh1+ 25. Ke2 Qxd1+ 26. Rxd1 Ne5 27. Rc1 f5 28. Bb7 Kf8 29. f4 Ng4 30. Rd1 Nf6 31. h6 Ke7 32. Kf3 Rg8 33. Rh1 Rg6 34. a4 Ng4 35. a5 Rxh6 36. Ra1 Nh2+ 37. Kf2 Ng4+ 38. Kf3 e5 39. fxe5 Nxe5+ 40. Kf4 Nxc4 41. axb6 axb6 42. Kxf5 Nxe3+ 43. Kg5 Rg6+ 44. Kh5 Nxg2 45. Ra7 Nf4+ 46. Kh4 c4 47. Be4 Re6 48. Bxh7 Rc6 49. Kg4 Ng6 50. Ra1 c3 51. Re1+ Kf8 0-1


[Site "https://www.chess.com"]

[Event "Titled Tuesday Blitz April 25 Late 2023"]
[White "Djordjevic, Vuk"]
[Black "Gutkin, Ilya"]
[WhiteFideId "902098"]
[BlackFideId "16203470"]
[WhiteElo "2452"]
[BlackElo "2265"]
[Result "1-0"]
[Round "01"]
[TimeControl "180+2"]
[Date "2023.04.25"]
[WhiteClock "0:00:04"]
[BlackClock "0:00:18"]

1. d4 e6 2. Nf3 Nf6 3. Bg5 c5 4. c3 Qb6 5. Qc2 Nc6 6. Bxf6 gxf6 7. e3 d5 8. Nbd2 Bd7 9. dxc5 Bxc5 10. Bd3 O-O-O 11. b4 Bd6 12. a4 Ne5 13. Nxe5 fxe5 14. O-O e4 15. Be2 Qc7 16. h3 Bxb4 17. Rfb1 Ba5 18. Nb3 Kb8 19. Nxa5 Qxa5 20. Rb4 Rc8 21. Qb2 Rc7 22. c4 Rhc8 23. cxd5 Qxd5 24. Rd1 Qc5 25. Rxe4 Bc6 26. Rc4 Qg5 27. Rg4 Qa5 28. Rdd4 f5 29. Rh4 Bd5 30. Rb4 Ka8 31. Kh2 Rc2 32. Qe5 Qxb4 33. Rxb4 Rxe2 34. Qf4 Rcc2 35. Kg3 h5 36. Qe5 a6 37. Qh8+ Ka7 38. Qd4+ Kb8 39. Qh8+ Ka7 40. Qd4+ Kb8 41. Qf4+ Ka7 42. a5 Rxf2 43. Qxf2 h4+ 44. Rxh4 Rxf2 45. Kxf2 1-0


[Site "https://www.chess.com"]

[Event "Titled Tuesday Blitz April 25 Late 2023"]
[White "Melikhov, Evgeny V."]
[Black "Rustemov, Alexander"]
[WhiteFideId "4122046"]
[BlackFideId "4119002"]
[WhiteElo "2158"]
[BlackElo "2525"]
[Result "0-1"]
[Round "01"]
[TimeControl "180+2"]
[Date "2023.04.25"]
[WhiteClock "0:00:01"]
[BlackClock "0:00:16"]

1. d4 f5 2. e4 fxe4 3. Nc3 Nf6 4. Bg5 g6 5. Bxf6 exf6 6. Nxe4 Qe7 7. Qe2 f5 8. Nc3 Qxe2+ 9. Bxe2 d6 10. Nf3 c6 11. O-O-O Nd7 12. h4 h6 13. d5 c5 14. Nd2 Nf6 15. Nc4 Bd7 16. a4 a6 17. a5 Kf7 18. f3 Re8 19. Bd3 h5 20. f4 Bb5 21. Nb6 Bxd3 22. Rxd3 Ne4 23. Nxe4 Rxe4 24. g3 Be7 25. b3 Bd8 26. Nc4 Bc7 27. Rf1 Rhe8 28. Rff3 Re1+ 29. Kb2 R8e4 30. Rd2 Rg1 31. Rdd3 Ree1 32. Rde3 Rb1+ 33. Kc3 Rbe1 34. Rxe1 Rxe1 35. Kd2 Re4 36. Re3 Rd4+ 37. Kc3 Re4 38. Rxe4 fxe4 39. Kd2 Kf6 40. Ke3 Kf5 41. Nd2 Bxa5 42. Nxe4 Bc7 43. Nf2 b5 44. c4 bxc4 45. bxc4 a5 46. Nd3 Kg4 47. Kf2 a4 48. Nc1 a3 49. Na2 Ba5 0-1


[Site "https://www.chess.com"]

[Event "Titled Tuesday Blitz April 25 Late 2023"]
[White "Kushko, Dmitriy"]
[Black "Figorito, Nick"]
[WhiteFideId "14162261"]
[BlackFideId "30923689"]
[WhiteElo "2230"]
[BlackElo "2036"]
[Result "1-0"]
[Round "01"]
[TimeControl "180+2"]
[Date "2023.04.25"]
[WhiteClock "0:00:14"]
[BlackClock "0:00:02"]

1. g3 Nf6 2. Bg2 g6 3. d4 Bg7 4. e4 O-O 5. Nc3 d6 6. Nf3 Bg4 7. h3 Bxf3 8. Bxf3 e5 9. d5 a5 10. Be3 Nbd7 11. g4 Nc5 12. h4 b5 13. g5 Nfd7 14. Nxb5 a4 15. Nc3 Qb8 16. Rb1 f5 17. gxf6 Nxf6 18. h5 a3 19. b4 Na4 20. Nxa4 Rxa4 21. c3 Qb5 22. hxg6 hxg6 23. Qe2 Qb8 24. Kd2 c6 25. dxc6 d5 26. exd5 e4 27. Bg4 Rd8 28. Be6+ Kf8 29. c4 Qe5 30. f4 Qxe6 31. Ke1 Qg4 32. Qxg4 Nxg4 33. Bb6 Rc8 34. Ke2 Bc3 35. Rhg1 Nf6 36. Rxg6 Kf7 37. f5 Be5 38. Bc5 Rb8 39. Rbg1 Rbxb4 40. Rg7+ Ke8 41. Re7+ Kd8 42. Rh1 Rb2+ 43. Ke3 1-0


[Site "https://www.chess.com"]

[Event "Titled Tuesday Blitz April 25 Late 2023"]
[White "Mazurkiewicz, Michal"]
[Black "Bitoon, Richard"]
[WhiteFideId "1124943"]
[BlackFideId "5201110"]
[WhiteElo "2054"]
[BlackElo "2374"]
[Result "1-0"]
[Round "01"]
[TimeControl "180+2"]
[Date "2023.04.25"]
[WhiteClock "0:00:06"]
[BlackClock "0:00:11"]

1. e4 e5 2. Nf3 Nc6 3. Bb5 a6 4. Bxc6 dxc6 5. O-O Bg4 6. h3 h5 7. d3 Qf6 8. Nbd2 Ne7 9. Re1 Ng6 10. d4 Nf4 11. dxe5 Qg6 12. Nh4 Bxd1 13. Nxg6 Nxg6 14. Rxd1 O-O-O 15. Re1 Nxe5 16. f4 Bb4 17. fxe5 Bxd2 18. Bxd2 Rxd2 19. Rf1 Rxc2 20. Rxf7 Rc5 21. Re7 g5 22. Rf1 Kb8 23. Rff7 Rc8 24. Rg7 Rc1+ 25. Kh2 Rc2 26. e6 Re2 27. Rd7 Rxe4 28. e7 b6 29. Rd8 Kb7 30. Rgg8 Rxe7 31. Rxc8 Re2 32. Rcf8 c5 33. Rxg5 Rxb2 34. Rxh5 c4 35. Rf7 Rxa2 36. Rhh7 b5 37. Rxc7+ Kb6 38. Rc8 Ka5 39. h4 Kb4 40. h5 Rd2 41. h6 Rd6 42. g4 c3 43. g5 Rg6 44. Rg7 Re6 45. h7 Re2+ 46. Kg3 Re3+ 47. Kf4 Rh3 48. h8=Q Rxh8 49. Rxh8 Kb3 50. Rc8 b4 51. Ra7 c2 52. Rxa6 Kb2 53. Rb6 b3 54. g6 Ka2 55. g7 Ka1 56. Rxb3 c1=Q+ 57. Rxc1+ Ka2 58. Rb8 Ka3 59. Rc7 Ka2 60. Ra7# 1-0


[Site "https://www.chess.com"]

[Event "Titled Tuesday Blitz April 25 Late 2023"]
[White "Golubev, Mikhail"]
[Black "Goltsev, Dmitry"]
[WhiteFideId "14100983"]
[BlackFideId "24176710"]
[WhiteElo "2374"]
[BlackElo "2336"]
[Result "1/2-1/2"]
[Round "01"]
[TimeControl "180+2"]
[Date "2023.04.25"]
[WhiteClock "0:00:04"]
[BlackClock "0:00:04"]

1. e4 e6 2. d4 d5 3. Nc3 c5 4. exd5 exd5 5. Nf3 Nf6 6. Bb5+ Nc6 7. O-O Be7 8. dxc5 Bxc5 9. Qe2+ Be6 10. Ng5 O-O 11. Nxe6 fxe6 12. Bxc6 bxc6 13. Qxe6+ Kh8 14. Bg5 Rc8 15. Bh4 Qa5 16. Bxf6 gxf6 17. a3 Bd4 18. Nd1 Qd2 19. c3 Bb6 20. a4 Rce8 21. Qxc6 Re1 22. Ne3 Rxa1 23. Rxa1 Bxe3 24. fxe3 Qxe3+ 25. Kh1 Qd2 26. Qd6 Kg7 27. Qg3+ Kh8 28. b4 Rg8 29. Qf3 Rg6 30. Rd1 Qc2 31. Qxd5 Rxg2 32. Qxg2 Qxd1+ 33. Qg1 Qf3+ 34. Qg2 Qxc3 35. Qa8+ Kg7 36. Qxa7+ Kg6 37. b5 Qc4 38. Kg1 h5 39. Qe3 Qxa4 40. Qd3+ Kg5 41. Qg3+ Kf5 42. Qf3+ Ke6 43. Qxh5 Qa1+ 44. Kg2 Qb2+ 45. Kg1 Qb1+ 46. Kf2 Qb4 47. Qe2+ Kf7 48. Kg2 Qc5 49. Qf1 Qd5+ 50. Kg1 Qc5+ 51. Kg2 f5 52. Kh1 Qd5+ 53. Kg1 Kf6 54. Qe2 Qc5+ 55. Kf1 f4 56. Kg2 Kg5 57. Qe6 Qxb5 58. Qe7+ Kf5 59. Qf7+ Ke4 60. Qe6+ Kd4 61. Qd6+ Ke3 62. Qe6+ Kd2 63. Qd6+ Ke3 64. Qe6+ Kd4 65. Qd6+ Ke4 66. Qe6+ Qe5 67. Qxe5+ Kxe5 68. Kf3 Kf5 69. h4 Kg6 70. h5+ Kxh5 71. Kxf4 1/2-1/2


[Site "https://www.chess.com"]

[Event "Titled Tuesday Blitz April 25 Late 2023"]
[White "Harshavardhan G B"]
[Black "Mickiewicz, Piotr"]
[WhiteFideId "25059009"]
[BlackFideId "1114891"]
[WhiteElo "2323"]
[BlackElo "2246"]
[Result "1-0"]
[Round "01"]
[TimeControl "180+2"]
[Date "2023.04.25"]
[WhiteClock "0:00:09"]
[BlackClock "0:00:09"]

1. Nf3 d5 2. c4 c6 3. d4 Nf6 4. Nc3 g6 5. cxd5 cxd5 6. Bf4 Nc6 7. e3 a6 8. h3 Bg7 9. Bd3 O-O 10. O-O Be6 11. Bh2 Rc8 12. Rc1 Qa5 13. a3 b5 14. Ne2 Ne4 15. Nf4 b4 16. a4 Bd7 17. Qb3 e6 18. Bxe4 dxe4 19. Nd2 Ne7 20. Rxc8 Rxc8 21. Nc4 Qc7 22. Rc1 Qb7 23. Qd1 Nd5 24. Nxd5 exd5 25. Na5 Rxc1 26. Qxc1 Qb6 27. Bc7 Qe6 28. b3 Bf8 29. Bf4 Qb6 30. Bc7 Qe6 31. Nb7 Qc6 32. Qxc6 Bxc6 33. Na5 Ba8 34. Bb6 f6 35. Bc5 Kf7 36. Kf1 Be7 37. Ke2 Ke6 38. Kd2 Bd6 39. Ke2 Kd7 40. f3 f5 41. f4 Be7 42. g4 h6 43. Kf2 fxg4 44. hxg4 h5 45. gxh5 gxh5 46. Bxe7 Kxe7 47. Kg3 Kf6 48. Kh3 Kg6 49. Kh4 Kh6 50. f5 Kg7 51. Kxh5 Kf6 52. Kg4 Kf7 53. Kg5 Ke7 54. Kg6 Kf8 55. Kf6 Ke8 56. Kg7 Kd7 57. f6 Kc7 58. f7 Bc6 59. f8=Q 1-0


[Site "https://www.chess.com"]

[Event "Titled Tuesday Blitz April 25 Late 2023"]
[White "Papp, Petra"]
[Black "Pakleza, Zbigniew"]
[WhiteFideId "739049"]
[BlackFideId "1119290"]
[WhiteElo "2259"]
[BlackElo "2410"]
[Result "0-1"]
[Round "01"]
[TimeControl "180+2"]
[Date "2023.04.25"]
[WhiteClock "0:00:07"]
[BlackClock "0:00:06"]

1. e4 d6 2. d4 Nf6 3. Nc3 c6 4. f4 Qb6 5. Nf3 Bg4 6. Be2 Bxf3 7. Bxf3 e5 8. Ne2 Nbd7 9. O-O Be7 10. c3 O-O 11. Qb3 Rfe8 12. Be3 Bf8 13. Qxb6 axb6 14. Ng3 b5 15. a3 exd4 16. Bxd4 g6 17. Rfd1 h5 18. Re1 Bh6 19. f5 Ne5 20. Rad1 Bf8 21. Ne2 g5 22. Bxe5 Rxe5 23. g3 Rae8 24. h4 g4 25. Bg2 Nxe4 26. Bxe4 Rxe4 27. Kf2 d5 28. Nf4 Rxe1 29. Rxe1 Bc5+ 30. Kf1 Rxe1+ 31. Kxe1 Bd6 32. Nxh5 Be5 33. Kf1 Kh7 34. Kf2 Kh6 35. Nf4 Bxf4 36. gxf4 Kh5 37. Kg3 c5 38. f6 d4 39. cxd4 cxd4 40. f5 d3 41. Kf2 g3+ 42. Ke3 g2 0-1


[Site "https://www.chess.com"]

[Event "Titled Tuesday Blitz April 25 Late 2023"]
[White "Sieciechowicz, Marcin"]
[Black "Lima, Kleyton Alcantara"]
[WhiteFideId "1130170"]
[BlackFideId "22718397"]
[WhiteElo "2302"]
[BlackElo "2009"]
[Result "1-0"]
[Round "01"]
[TimeControl "180+2"]
[Date "2023.04.25"]
[WhiteClock "0:00:00"]
[BlackClock "0:00:00"]

1. d4 Nf6 2. Bf4 g6 3. e3 Bg7 4. Nf3 d6 5. Be2 O-O 6. O-O b6 7. c3 Bb7 8. h3 Nbd7 9. Nbd2 Ne4 10. Nxe4 Bxe4 11. a4 a6 12. Nd2 Bb7 13. Qb3 c5 14. Rfd1 Qc7 15. Qa3 e5 16. Bg3 Rfe8 17. Bf3 e4 18. Be2 f5 19. Nc4 Bf8 20. dxc5 Qxc5 21. Nxd6 Bxd6 22. Qb3+ Kg7 23. Rxd6 Nf8 24. Qxb6 Qxb6 25. Rxb6 Bd5 26. Rxa6 Rxa6 27. Bxa6 Ne6 28. b4 1-0


[Site "https://www.chess.com"]

[Event "Titled Tuesday Blitz April 25 Late 2023"]
[White "Urbina Perez, Juan Antonio"]
[Black "Weetik, Vjacheslav"]
[WhiteFideId "2217368"]
[BlackFideId "4153472"]
[WhiteElo "2197"]
[BlackElo "2469"]
[Result "0-1"]
[Round "01"]
[TimeControl "180+2"]
[Date "2023.04.25"]
[WhiteClock "0:01:59"]
[BlackClock "0:00:15"]

1. d4 Nf6 2. Nf3 e6 3. c3 d5 4. Bf4 Bd6 5. Bg3 O-O 6. e3 c5 7. Nbd2 Qc7 8. Bd3 Nbd7 9. Qe2 e5 10. dxe5 Nxe5 11. Bc2 Re8 12. Nxe5 Bxe5 13. Bxe5 Qxe5 14. Nf3 Qh5 15. O-O-O Bg4 16. h3 Bxf3 17. Qxf3 Qxf3 18. gxf3 Kf8 19. Bb3 Rad8 20. Rd2 Re5 21. f4 Rh5 22. Bd1 Rh4 23. Bf3 Ke7 24. Bg2 Ne4 25. Bxe4 dxe4 26. Rxd8 Kxd8 27. Rg1 g6 28. Rg3 Ke7 29. c4 f5 30. Kc2 Kf6 31. a3 h6 32. b4 b6 33. Kb3 g5 34. fxg5+ hxg5 35. Ka4 f4 36. exf4 gxf4 37. Rg8 Rxh3 38. Rf8+ Ke5 39. bxc5 bxc5 40. Kb5 Rh2 41. Kxc5 Rxf2 42. Re8+ Kf5 43. Rf8+ Kg4 44. Kd4 Kf3 45. c5 Rc2 46. Re8 e3 0-1


[Site "https://www.chess.com"]

[Event "Titled Tuesday Blitz April 25 Late 2023"]
[White "Bryakin, Mikhail"]
[Black "Harriott, Tyrell"]
[WhiteFideId "4165314"]
[BlackFideId "2086484"]
[WhiteElo "2447"]
[BlackElo "2107"]
[Result "1-0"]
[Round "01"]
[TimeControl "180+2"]
[Date "2023.04.25"]
[WhiteClock "0:00:23"]
[BlackClock "0:00:12"]

1. e4 e6 2. d3 d5 3. Nd2 f5 4. exf5 exf5 5. d4 Nf6 6. Bd3 Bd6 7. Ne2 O-O 8. O-O Ne4 9. Nf3 f4 10. c4 c6 11. Nc3 Nxc3 12. bxc3 Be6 13. cxd5 cxd5 14. a4 Nc6 15. h3 Qf6 16. Ba3 Bxa3 17. Rxa3 Rac8 18. Re1 Bf7 19. a5 a6 20. Qb3 Rc7 21. Qb6 Rfc8 22. Qb1 g6 23. Ne5 Be6 24. Nf3 Ne7 25. Qb4 Nf5 26. Bf1 Bf7 27. Re5 Nd6 28. Bd3 Nc4 29. Bxc4 Rxc4 30. Qb2 Qc6 31. Rb3 Rc7 32. Rb6 Qa4 33. Rxb7 Qxa5 34. Rxc7 Qxc7 35. Qd2 Rxc3 36. Qxf4 a5 37. Ng5 Rc1+ 38. Kh2 a4 39. Qh4 h5 40. Qf4 Rc2 41. Qe3 Rc3 42. Qd2 a3 43. Nxf7 Kxf7 44. Qh6 Kf6 45. Qh8+ Kf7 46. f4 Qc8 47. Qh7+ Kf6 48. Qe7# 1-0


[Site "https://www.chess.com"]

[Event "Titled Tuesday Blitz April 25 Late 2023"]
[White "Bustamante Orta, Jorge"]
[Black "Bilych, Olexiy"]
[WhiteFideId "5121710"]
[BlackFideId "14156504"]
[WhiteElo "2165"]
[BlackElo "2320"]
[Result "1-0"]
[Round "01"]
[TimeControl "180+2"]
[Date "2023.04.25"]
[WhiteClock "0:00:53"]
[BlackClock "0:00:04"]

1. b3 e5 2. Bb2 Nc6 3. c4 Nf6 4. e3 Be7 5. Nf3 e4 6. Nd4 Nxd4 7. Bxd4 b6 8. g4 h6 9. h4 d6 10. Be2 c5 11. Bb2 Be6 12. Rg1 Nd7 13. Bxg7 Rh7 14. Bb2 Bxh4 15. Nc3 Nf6 16. Qc2 d5 17. cxd5 Nxd5 18. Qxe4 Nf6 19. Qc2 Rg7 20. O-O-O Nxg4 21. Ne4 Rg6 22. f3 Nf6 23. Rxg6 fxg6 24. Nxf6+ Kf7 25. Ng4 Bf5 26. Nxh6+ Ke6 27. Bc4+ Kd6 28. Nf7+ Kc7 29. Be5+ Kb7 30. e4 Qe7 31. Bd6 Qd7 32. exf5 gxf5 33. Bd5+ Ka6 34. Qd3+ b5 35. Bxc5 Bf6 36. Nd6 Rc8 37. Bb7+ Qxb7 38. Nxb7 Kxb7 39. Qxb5+ Ka8 40. Kb1 Rb8 41. Qc6+ Rb7 42. Re1 f4 43. Re8+ Bd8 1-0


[Site "https://www.chess.com"]

[Event "Titled Tuesday Blitz April 25 Late 2023"]
[White "Hafiz, Arif Abdul"]
[Black "Kaplan, Avi Harrison"]
[WhiteFideId "7104227"]
[BlackFideId "30934559"]
[WhiteElo "2198"]
[BlackElo "1983"]
[Result "0-1"]
[Round "01"]
[TimeControl "180+2"]
[Date "2023.04.25"]
[WhiteClock "0:00:04"]
[BlackClock "0:00:06"]

1. e4 d6 2. d4 g6 3. Nc3 Bg7 4. Nf3 Nc6 5. Be3 Bg4 6. Qd2 e5 7. dxe5 Nxe5 8. Be2 Be6 9. O-O-O Ne7 10. Nxe5 Bxe5 11. f4 Bg7 12. h4 h5 13. Rhf1 Qd7 14. Bb5 c6 15. Be2 d5 16. exd5 Nxd5 17. Bd4 Bxd4 18. Qxd4 O-O-O 19. Qxa7 Qe7 20. Na4 Kc7 21. Ba6 Qb4 22. Rd4 Ra8 23. Qxb7+ Qxb7 24. Bxb7 Kxb7 25. a3 Kc7 26. Nc5 Rhe8 27. a4 Kb6 28. Nd3 Red8 29. b3 Ne3 30. Rxd8 Rxd8 31. Rf2 Bxb3 32. Ne5 Be6 33. g3 Rd1+ 34. Kb2 Rd4 35. Rf3 Nd1+ 36. Kc1 Rd5 37. Rb3+ Kc7 38. Rf3 Bg4 39. Ra3 Nf2 40. a5 Kb7 41. a6+ Ka8 42. Nxc6 Rd1+ 43. Kb2 Bd7 44. Ne5 Rd6 45. Nxf7 Rb6+ 46. Kc3 Ka7 47. Ne5 Bf5 48. Kd4 Rxa6 49. Rc3 Rd6+ 50. Ke3 Ng4+ 51. Nxg4 Bxg4 52. Rc5 Kb6 53. Rc3 Bf5 54. Rb3+ Kc7 55. Rc3+ Rc6 56. Rxc6+ Kxc6 57. c3 Kc5 58. Kd2 Kc4 59. Ke3 Kxc3 60. Kf3 Kd4 0-1


[Site "https://www.chess.com"]

[Event "Titled Tuesday Blitz April 25 Late 2023"]
[White "Bashkansky, Ethan"]
[Black "Papasimakopoulos, Alexandros"]
[WhiteFideId "2071533"]
[BlackFideId "4244125"]
[WhiteElo "2101"]
[BlackElo "2359"]
[Result "0-1"]
[Round "01"]
[TimeControl "180+2"]
[Date "2023.04.25"]
[WhiteClock "0:00:14"]
[BlackClock "0:00:37"]

1. d4 Nf6 2. c4 e6 3. Nc3 Bb4 4. Qc2 c5 5. dxc5 Bxc5 6. Nf3 Qb6 7. e3 Be7 8. Bd3 d6 9. O-O a6 10. Re1 Nbd7 11. e4 Qc7 12. h3 b6 13. Bf4 e5 14. Be3 Bb7 15. Nd5 Bxd5 16. cxd5 Qxc2 17. Bxc2 O-O 18. Nd2 Rfc8 19. Rac1 b5 20. f3 Bd8 21. Bd3 Bb6 22. Kf2 Bxe3+ 23. Kxe3 Nc5 24. b4 Na4 25. Nb3 Nd7 26. Na5 Kf8 27. Rc6 Rxc6 28. dxc6 Ndb6 29. g3 Ke7 30. f4 Rc8 31. Be2 Rc7 32. Rc1 g6 33. Rc2 f5 34. exf5 gxf5 35. g4 fxg4 36. fxe5 gxh3 37. exd6+ Kxd6 38. Bf3 Nd5+ 39. Bxd5 Kxd5 40. Kf4 Nb6 41. Kg3 Nc4 42. Nxc4 bxc4 43. Kxh3 Rxc6 44. Kg4 Ke4 45. a4 c3 46. b5 axb5 47. axb5 Rc8 48. b6 Kd3 49. b7 Rg8+ 50. Kf3 Kxc2 0-1


[Site "https://www.chess.com"]

[Event "Titled Tuesday Blitz April 25 Late 2023"]
[White "Lamaze, Simon"]
[Black "Silva, Miguel Antonio Neto"]
[WhiteFideId "36069264"]
[BlackFideId "1911929"]
[WhiteElo "2272"]
[BlackElo "2223"]
[Result "0-1"]
[Round "01"]
[TimeControl "180+2"]
[Date "2023.04.25"]
[WhiteClock "0:00:32"]
[BlackClock "0:00:17"]

1. e4 c5 2. Nf3 d6 3. d4 cxd4 4. Nxd4 Nf6 5. Bb5+ Nbd7 6. O-O a6 7. Ba4 g6 8. c4 Bg7 9. Bc2 O-O 10. Nc3 Qc7 11. Qe2 b6 12. Be3 Bb7 13. f3 Rac8 14. Bd3 Ne5 15. b3 Nxd3 16. Qxd3 b5 17. Nd5 Bxd5 18. cxd5 Qc3 19. Rad1 Qxd3 20. Rxd3 Nd7 21. Nc6 Rfe8 22. Rc1 Kf8 23. a4 Ne5 24. Rdc3 b4 25. R3c2 Nd3 26. Rd1 Ne5 27. Nxb4 Rb8 28. Bd2 a5 29. Nc6 Rxb3 30. Ra2 Nxc6 31. dxc6 Rc8 32. Rc1 Bd4+ 33. Kf1 Bc5 34. Bxa5 Rxc6 35. Bd2 Ra6 36. a5 Ke8 37. Ke2 Kd7 38. h4 Kc6 39. h5 Kd7 40. h6 Bb4 41. Bxb4 Rxb4 42. Rc3 Rb5 43. Rca3 Rh5 44. Rb3 Rhxa5 45. Rb7+ Ke6 46. Rc2 Ra2 47. Rxa2 Rxa2+ 48. Kf1 Ra1+ 49. Kf2 Rh1 50. Kg3 Rxh6 51. Kf4 Rh2 52. Rb2 h6 53. Kg4 Rh1 54. Kf4 h5 55. Kg5 Rg1 56. Kh4 f6 57. Kg3 g5 58. Rb7 Rc1 59. Ra7 Rc2 60. Kh3 h4 61. Rb7 Rc1 62. Kh2 Ra1 63. Rc7 Ra2 64. Kh3 Ra5 65. Rb7 Rc5 66. Ra7 d5 67. Ra6+ Kf7 68. exd5 Rxd5 69. Ra1 e5 70. Ra8 Kg6 71. Ra1 Kf5 72. Ra6 Rd4 73. Rb6 e4 74. fxe4+ Rxe4 75. Rb5+ Kg6 76. Ra5 Rf4 77. Rb5 Kh5 78. Rb8 f5 79. Rh8+ Kg6 80. Rg8+ Kf6 81. Rf8+ Ke5 82. Re8+ Kd4 83. Rg8 Rg4 84. Re8 Rg3+ 85. Kh2 f4 86. Re7 Re3 87. Rg7 Re5 88. Kh3 Ke3 89. Kg4 Kf2 90. Kh3 Re3+ 91. Kh2 Rg3 92. Kh1 Rxg2 93. Ra7 Rg1+ 94. Kh2 Re1 95. Kh3 Re3+ 96. Kh2 Kf3 97. Ra2 g4 98. Rg2 Re2 99. Kh1 h3 100. Rg1 g3 101. Rf1+ Rf2 102. Ra1 Kg4 103. Rd1 Rh2+ 104. Kg1 Rc2 105. Ra1 h2+ 106. Kh1 Kh3 107. Rg1 0-1


[Site "https://www.chess.com"]

[Event "Titled Tuesday Blitz April 25 Late 2023"]
[White "Skaric, Djuro"]
[Black "Oro, Faustino"]
[WhiteFideId "934569"]
[BlackFideId "20000197"]
[WhiteElo "2282"]
[BlackElo "1984"]
[Result "0-1"]
[Round "01"]
[TimeControl "180+2"]
[Date "2023.04.25"]
[WhiteClock "0:00:00"]
[BlackClock "0:00:00"]

1. g3 d5 2. Bg2 Nf6 3. d3 e5 4. Nf3 Bd6 5. O-O h6 6. Nc3 O-O 7. e4 c6 8. h3 Re8 9. Bd2 Nbd7 10. Nh4 dxe4 11. Nxe4 Nxe4 12. dxe4 Nf6 13. Nf5 Bxf5 14. exf5 Qc7 15. c4 e4 16. Be3 Be5 17. Qc2 Rad8 18. Rad1 h5 19. Kh1 h4 20. g4 Bf4 21. Qe2 Nh7 22. Rxd8 Rxd8 23. Bxe4 Re8 24. Bg2 Bxe3 25. fxe3 Ng5 26. Qf2 Qe5 27. Qxh4 Qxe3 28. Qf2 Qd3 29. b3 Nxh3 30. Qf3 Re3 31. Qd1 Nf2+ 0-1


[Site "https://www.chess.com"]

[Event "Titled Tuesday Blitz April 25 Late 2023"]
[White "Horton, Andrew P"]
[Black "Olsson, William"]
[WhiteFideId "424269"]
[BlackFideId "1741721"]
[WhiteElo "2401"]
[BlackElo "2197"]
[Result "1-0"]
[Round "01"]
[TimeControl "180+2"]
[Date "2023.04.25"]
[WhiteClock "0:00:10"]
[BlackClock "0:00:20"]

1. d4 d5 2. c4 c6 3. cxd5 cxd5 4. Bg5 Nc6 5. Nc3 Bf5 6. e4 Bxe4 7. Nxe4 dxe4 8. d5 Qa5+ 9. b4 Nxb4 10. Bd2 Qa3 11. Bb5+ Kd8 12. Rb1 a5 13. Ne2 Nf6 14. O-O Rc8 15. Be3 Nbxd5 16. Bb6+ Rc7 17. Rc1 Qd6 18. Bxc7+ Nxc7 19. Qa4 b6 20. Rfd1 Nfd5 21. Rc6 Qb4 22. Qxb4 axb4 23. Rxc7 Kxc7 24. Rxd5 e6 25. Rd7+ Kc8 26. Rxf7 Bc5 27. Ng3 e3 28. fxe3 Bxe3+ 29. Kf1 g6 30. Bd7+ Kd8 31. Bxe6 Re8 32. Bb3 h5 33. Ra7 Re5 34. Ne2 Bc5 35. g3 g5 36. Rh7 Rf5+ 37. Ke1 g4 38. Nf4 Re5+ 39. Kf1 Be3 40. Rxh5 Bxf4 41. Rh8+ Ke7 42. gxf4 Rf5 43. Kg2 Rxf4 44. Kg3 Rd4 45. Rg8 Kd6 46. Rxg4 Rd3+ 47. Kg2 Rd2+ 48. Kg3 Ke5 49. Rxb4 1-0


[Site "https://www.chess.com"]

[Event "Titled Tuesday Blitz April 25 Late 2023"]
[White "Alexikov, Alexander"]
[Black "Schmakel, Sam"]
[WhiteFideId "14103958"]
[BlackFideId "2039311"]
[WhiteElo "2186"]
[BlackElo "2356"]
[Result "0-1"]
[Round "01"]
[TimeControl "180+2"]
[Date "2023.04.25"]
[WhiteClock "0:00:01"]
[BlackClock "0:00:00"]

1. e4 Nc6 2. Nf3 d6 3. Bb5 Nf6 4. Qe2 e5 5. O-O Bd7 6. c3 a6 7. Ba4 Be7 8. d3 O-O 9. Bb3 Na5 10. Bc2 c5 11. h3 Re8 12. Re1 Qc7 13. Nbd2 Bf8 14. Nc4 Nxc4 15. dxc4 h6 16. Kh2 b5 17. Bd3 Rab8 18. cxb5 axb5 19. c4 bxc4 20. Bxc4 d5 21. exd5 e4+ 0-1


[Site "https://www.chess.com"]

[Event "Titled Tuesday Blitz April 25 Late 2023"]
[White "Grinev, Valeriy"]
[Black "Senft, Sean"]
[WhiteFideId "14117517"]
[BlackFideId "2044960"]
[WhiteElo "2366"]
[BlackElo "1989"]
[Result "1-0"]
[Round "01"]
[TimeControl "180+2"]
[Date "2023.04.25"]
[WhiteClock "0:00:45"]
[BlackClock "0:00:03"]

1. d4 d5 2. c4 c6 3. cxd5 cxd5 4. Bf4 Nf6 5. e3 Nc6 6. Nc3 a6 7. Bd3 Bg4 8. Nge2 e6 9. O-O Bd6 10. Bxd6 Qxd6 11. Qb3 Rb8 12. f3 Bh5 13. Nf4 Bg6 14. Nxg6 hxg6 15. f4 g5 16. h3 gxf4 17. Rxf4 b5 18. Qd1 Na5 19. b3 Rc8 20. Qd2 Qc7 21. Rc1 Nb7 22. Ne2 Qb8 23. Rcf1 Nd6 24. Qe1 Rc7 25. R4f3 Qc8 26. Qg3 Nh5 27. Qxd6 1-0


[Site "https://www.chess.com"]

[Event "Titled Tuesday Blitz April 25 Late 2023"]
[White "Rastbod, Ali"]
[Black "Hoffmann, Asa"]
[WhiteFideId "12567477"]
[BlackFideId "2001470"]
[WhiteElo "2248"]
[BlackElo "2117"]
[Result "1-0"]
[Round "01"]
[TimeControl "180+2"]
[Date "2023.04.25"]
[WhiteClock "0:00:40"]
[BlackClock "0:00:01"]

1. d4 Nf6 2. Nf3 d6 3. g3 c6 4. Bg2 Bf5 5. O-O h6 6. Re1 Nbd7 7. c4 e5 8. Nc3 e4 9. Nd2 d5 10. cxd5 cxd5 11. Qb3 Nb6 12. f3 Be7 13. fxe4 dxe4 14. e3 Be6 15. Qb5+ Bd7 16. Qf1 Bb4 17. Ndxe4 Nxe4 18. Bxe4 O-O 19. Bxb7 Rb8 20. Bg2 Be6 21. Qf2 Nc4 22. e4 Ba5 23. Kh1 Bb6 24. Rd1 Bg4 25. Bf3 Bxf3+ 26. Qxf3 Ba5 27. Qe2 Bxc3 28. bxc3 Qc8 29. Bf4 Rb2 30. Qf3 Re8 31. Rdb1 Qb7 32. Rxb2 Qxb2 33. Rd1 Qxa2 34. d5 Qc2 35. d6 Nxd6 36. Rxd6 Rxe4 37. Rd8+ Kh7 38. Qd3 Qxd3 39. Rxd3 g5 40. Be3 a5 41. Kg2 a4 42. Kf3 Rc4 43. Bd4 a3 44. Rd2 Ra4 45. Ra2 f5 46. Ke3 1-0


[Site "https://www.chess.com"]